 Dungeon Crawl Stone Soup version 0.27.1-1-g398f81649c (webtiles) character file.

Game seed: 3133123918397840454

112 funkygono the Firebug (level 4, -7/24 HPs)
             Began as a Deep Elf Fire Elementalist on Sept 7, 2021.
             Mangled by an ogre (31 damage)
             ... on level 4 of the Dungeon.
             The game lasted 00:06:15 (3573 turns).

funkygono the Firebug (Deep Elf Fire Elementalist)  Turns: 3573, Time: 00:06:16

Health: -7/24      AC:  2    Str:  5    XL:     4   Next: 64%
Magic:  7/12       EV: 13    Int: 21    God:
Gold:   180        SH:  0    Dex: 15    Spells: 3/11 levels left

rFire    . . .     SeeInvis .   h - +2 dagger (drain)
rCold    . . .     Faith    .   (no shield)
rNeg     . . .     Spirit   .   a - +0 robe
rPois    .         Reflect  .   (no helmet)
rElec    .         Harm     .   (no cloak)
rCorr    .         Rampage  .   (no gloves)
Will     +....                  (no boots)
Stlth    ++........             (no amulet)
HPRegen  0.08/turn              l - ring of willpower
MPRegen  0.13/turn              (no ring)

@: no status effects
A: no striking features
a: no special abilities


You were on level 4 of the Dungeon.
You visited 1 branch of the dungeon, and saw 4 of its levels.

You collected 180 gold pieces.

Inventory:

Hand Weapons
 b - a +0 dagger
 h - a +2 dagger of draining (weapon)
Missiles
 i - 34 stones
Armour
 a - a +0 robe (worn)
 c - +0 shadow dragon scales
Jewellery
 g - an amulet of guardian spirit
 l - a ring of willpower (left hand)
Wands
 k - a wand of flame (13)
Scrolls
 d - a scroll of magic mapping
Potions
 e - a potion of heal wounds
 f - a potion of haste {unknown}
 j - a potion of curing {unknown}


   Skills:
 + Level 2.8 Dodging
 - Level 2.4 Stealth
 * Level 4.1 Spellcasting
 * Level 2.6 Conjurations
 * Level 4.6 Fire Magic


You had 3 spell levels left.
You knew the following spells:

 Your Spells              Type           Power      Damage    Failure   Level
a - Foxfire               Conj/Fire      76%        2x1d7     2%          1
b - Conjure Flame         Conj/Fire      19%        6-21      8%          3
c - Sticky Flame          Conj/Fire      19%        2d4       26%         4

Your spell library contained the following spells:

 Spells                   Type           Power      Damage    Failure   Level
 Inner Flame              Hex/Fire       14%        N/A       14%         3
 Fireball                 Conj/Fire      9%         3d6       58%         5


Dungeon Overview and Level Annotations

Branches:
Dungeon (4/15)
 Temple: D:4-7

Altars:
Cheibriados
Yredelemnul

Shops:
D:2 [


Message History

Casting: Foxfire (safe; 2% risk of failure)
Confirm with . or Enter, or press ? or * to list all spells.
You conjure some foxfire!
The foxfire hits the worm.
The worm is almost dead.
The foxfire hits the worm.
You kill the worm!
Unknown command.
Your foxfire dissipates! x3
You hear the slow rusting of a very distant drain.
Found an encrusted golden ring.
Found a stone staircase leading up.
You now have 180 gold pieces (gained 10).
l - a ring of willpower
l - a ring of willpower (left hand)
There is a stone staircase leading up here.
You open the door.
Found a snail-covered altar of Cheibriados.
Found a basalt altar of Yredelemnul.
There is an open door here.
There is an open door here.
You hear the slow rusting of a distant drain.
An ogre comes into view. It is wielding a +0 giant club.
Casting: Foxfire (safe; 2% risk of failure)
Confirm with . or Enter, or press ? or * to list all spells.
The spell is potentially lethal to cast (26% risk of failure)!
Continue anyway?
Aiming: Sticky Flame (potentially lethal; 26% risk of failure)
Press: ? - help, Shift-Dir - straight line, f - ogre
Aim: an ogre, wielding a +0 giant club (100% to hit)
The sticky flame hits the ogre.
The ogre is moderately wounded.
The ogre is covered in liquid flames!
The ogre burns!
The ogre misses you.
Unknown command.
The ogre burns!
The ogre burns!
Casting: Sticky Flame (potentially lethal; 26% risk of failure)
Confirm with . or Enter, or press ? or * to list all spells.
You conjure some foxfire!
The ogre burns!
The ogre hits you with a +0 giant club!!
Ouch! That really hurt!
You die...

#.#####+ #.##...#
#.##._.# #.##...#
#.##≈≈≈#
#######..#...#
........##._.#
#######v##...#
#..O@.'#### #.##v#..#
.... #. #.##.# #...#
#. #..#.# #...#
#.###.#.# #...#####
#.......# #...#...
#####.#######...#.###
###.#..............
#...<..............


You could see an ogre (burning, ally target).

Vanquished Creatures
  3 adders (D:2)
  4 worms
  A dart slug (D:3)
  An orc (D:3)
  7 bats
  4 endoplasms
  2 giant cockroaches
  9 goblins
  8 hobgoblins
  5 jackals
  7 kobolds
  3 quokkas
  2 ball pythons
  5 frilled lizards
  5 rats
66 creatures vanquished.

Vanquished Creatures (others)
  254 foxfires
  7 toadstools (D:1)
261 creatures vanquished.

Grand Total: 327 creatures vanquished

Notes
Turn   | Place    | Note
-------+----------+-------------------------------------------
     0 | D:1      | funkygono the Deep Elf Fire Elementalist began the quest
                  | for the Orb.
     0 | D:1      | Reached XP level 1. HP: 10/10 MP: 6/6
   481 | D:1      | Found a faded altar of an unknown god.
   550 | D:1      | Reached XP level 2. HP: 15/15 MP: 4/8
  1418 | D:2      | Reached XP level 3. HP: 19/19 MP: 5/10
  1644 | D:2      | Found Syur's Armour Shoppe.
  1950 | D:2      | Reached XP level 4. HP: 24/24 MP: 7/11
  2407 | D:2      | Learned a level 3 spell: Conjure Flame
  2412 | D:2      | Learned a level 4 spell: Sticky Flame
  3562 | D:4      | Found a snail-covered altar of Cheibriados.
  3563 | D:4      | Found a basalt altar of Yredelemnul.
  3569 | D:4      | Noticed an ogre
  3573 | D:4      | Mangled by an ogre

Illustrated notes

Levels and vault maps discovered:
D:1:      nagdon_arrival_double_spiral, layout_loops_ring,
          dreamdust_ecumenical_altar_angels_and_demons
D:2:      layout_basic, serial_shops, nicolae_lakefront_shop,
          minmay_goblin_kobold_house
D:3:      layout_loops_ring
D:4:      layout_loops_cross, mainiacjoe_overflow_divided_tiny,
          cheibrodos_sewer_entry_bend, st_stairs_6

Skill      XL: |  1  2  3  4 |
---------------+-------------+-----
Fire Magic     | 4 |  4.6
Conjurations   | 2 |  2.6
Spellcasting   | 4 |  4.1
Dodging        | |  2.8
Stealth        | |  2.4

Action                   |  1- 3 |  4- 6 || total
-------------------------+-------+-------++-------
Melee: Dagger            |     2 |       ||     2
 Cast: Foxfire           |    81 |    74 ||   155
       Sticky Flame      |       |     1 ||     1
  Use: Scroll            |     1 |     4 ||     5
Armor: Robe              |     6 |     1 ||     7
Dodge: Dodged            |    15 |     4 ||    19
